 Dungeon Crawl Stone Soup version 0.31-a0-986-g5e6e4ef867 (webtiles) character file.

Game seed: 17553063337365760883

3581 bmb222 the Protected (level 9, 0/62 HPs)
             Began as a Demonspawn Shapeshifter on Nov 21, 2023.
             Was an Initiate of Nemelex Xobeh.
             Slain by an orc warrior
             ... wielding a +0 glaive
              (14 damage)
             ... on level 8 of the Dungeon on Nov 22, 2023.
             The game lasted 00:14:54 (8349 turns).

bmb222 the Protected (Demonspawn Shapeshifter)      Turns: 8349, Time: 00:14:55

Health: 0/62       AC: 11    Str: 19    XL:     9   Next: 84%
Magic:  9/9        EV: 10    Int: 12    God:    Nemelex Xobeh [......]
Gold:   461        SH:  5    Dex: 12    Spells: 8/8 levels left

rFire   . .          .
                       - Unarmed
rCold   . . .        (no shield)
rNeg    + . .        e - +0 scale mail {rN+}
rPois   .            (helmet unavailable)
rElec   .            (cloak currently unavailable)
rCorr   +            (gloves currently unavailable)
SInv    .            (boots currently unavailable)
Will    .....        m - amulet of reflection Stlth
                     A - ring of resist corrosion
HPRegen 0.30/turn    (no ring)
MPRegen 0.11/turn

%: reflection
@: beast-form
A: beast (slay +3), horns 3, yellow scales 2, foul stench 1
a: Begin Untransformation, Renounce Religion, Draw Escape, Draw Destruction,
Draw Summoning


You were on level 8 of the Dungeon.
You worshipped Nemelex Xobeh.
Nemelex Xobeh was noncommittal.
You were a hulking beast.
You visited 2 branches of the dungeon, and saw 9 of its levels.

You collected 461 gold pieces.

Inventory:

Hand Weapons
 f - a +3 flail of draining
 w - a +2 whip of electrocution
 B - a +2 whip of flaming
Armour
 a - a +0 animal skin
 e - a +0 scale mail of positive energy (worn)
 r - a +0 ring mail
 t - a +0 pair of boots
 u - a +0 pair of gloves
Jewellery
 m - an amulet of reflection (around neck)
 s - a ring of fire
 A - a ring of resist corrosion (left hand)
 I - an amulet of the acrobat
 J - a ring of willpower
Talismans
 c - a beast talisman (active)
 d - a flux talisman
 H - a blade talisman
Wands
 x - a wand of mindburst (11)
 E - a wand of iceblast (12)
 K - a wand of charming (5)
Scrolls
 g - a scroll of silence
 h - 3 scrolls of enchant weapon
 i - 2 scrolls of blinking
 j - 5 scrolls of identify
 l - 2 scrolls of teleportation
 n - a scroll of noise
 p - 2 scrolls of revelation
 y - 3 scrolls of immolation
 C - 2 scrolls of brand weapon
 G - a scroll of enchant armour {unknown}
Potions
 b - a potion of lignification
 k - 2 potions of mutation
 o - 3 potions of curing
 q - a potion of might
 v - a potion of haste
 z - a potion of attraction {unknown}
 D - 3 potions of heal wounds {unknown}
 F - a potion of invisibility {unknown}


   Skills:
 + Level 2.6 Fighting
 - Level 9.3 Armour
 - Level 1.9 Dodging
 - Level 0.2 Shields
 * Level 5.4 Unarmed Combat
 + Level 1.7 Evocations
 * Level 6.9 Shapeshifting


You had 8 spell levels left.
You didn't know any spells.
Your spell library contained the following spells:

 Spells                   Type           Power      Damage    Failure   Level
 Ensorcelled Hibernation  Hex/Ice        0%         N/A       77%         2
 Lesser Beckoning         Tloc           0%         N/A       77%         2
 Passwall                 Tmut/Erth      0%         N/A       77%         2
 Gell's Gravitas          Tloc           0%         N/A       94%         3
 Swiftness                Air            0%         N/A       94%         3
 Teleport Other           Tloc           0%         N/A       94%         3


Dungeon Overview and Level Annotations

Branches:
Dungeon (8/15)             Temple (1/1) D:7
   Lair: D:8-11

Altars:
Cheibriados
Dithmenos
Fedhas
Hepliaklqana
Kikubaaqudgha
Makhleb
Nemelex Xobeh
Ru
Sif Muna
Trog
Uskayaw
Vehumet
Wu Jian
Xom

Shops:
D:6 *


Innate Abilities, Weirdness & Mutations

You are a hulking beast.
Your limbs bulge with bestial killing power. (Slay +3)
You have a pair of large horns on your head.
You are mostly covered in yellow scales. (AC +3)
You may rarely emit foul miasma when damaged in melee.


Message History

You feel less confused. You block the orc wizard's attack.
You hit the orc wizard. You headbutt the orc wizard.
You kill the orc wizard!
The orc warrior hits you from afar with a +0 glaive!
You hit the orc.
The orc is severely wounded.
The orc warrior barely misses you.
You hit the orc but do no damage.
The orc is severely wounded.
You closely miss the orc. You headbutt the orc.
You kill the orc!
The orc warrior hits you from afar with a +0 glaive.
You hit the orc.
The orc is almost dead.
You block the orc's attack. The orc warrior barely misses you.
You closely miss the orc. You headbutt the orc.
You kill the orc!
The orc warrior closely misses you. The orc warrior barely misses you.
Items here: )) [[ ††.
You barely miss the orc warrior.
The orc warrior hits you with a +0 glaive.
You hit the orc warrior but do no damage.
The orc warrior hits you with a +0 glaive!
You barely miss the orc warrior. You block the orc warrior's attack.
You hit the orc warrior but do no damage.
Your headbutt misses the orc warrior.
The orc warrior hits you with a +0 glaive.
You hit the orc warrior but do no damage.
The orc warrior hits you with a +0 glaive.
* * * LOW HITPOINT WARNING * * *
You punch the orc warrior!
The orc warrior is moderately wounded.
The orc warrior hits you with a +0 glaive!
* * * LOW HITPOINT WARNING * * *
You feel better.
The orc warrior hits you with a +0 glaive!
You die...
Your body disappears without a glow.

##.. # #.. .. #.## ...
###..# #.. ####....#
#... #.......#
#..####.#..##.#
#....)....###.#
#.##)h.######.########
#o>..........[.....
#.########.########
#.#...# #.#.......
#.#.#.# #.....####
#.#.#.# #.....#
..#.#.####.....#
###............#
##########.#####....#


You could see an orc warrior.

Vanquished Creatures
  Pikel (D:6)
  Grinder (D:6)
  Edmund (D:5)
  Duvessa (D:7)
  2 water moccasins
  3 black bears
  3 ice beasts (D:7)
  An ogre (D:4)
  A kobold brigand (D:7)
  5 centaurs
  A scorpion (D:4)
  3 wights (D:6)
  Dowan (D:7)
  A vampire bat (D:7)
  2 howler monkeys (D:4)
  A jelly (D:7)
  A gnoll bouda (D:7)
  5 hounds
  4 iguanas
  7 orc wizards
  22 gnolls
  5 adders
  A shadow imp (D:7)
  2 white imps (D:5)
  2 ufetubi (D:6)
  A worm (D:5)
  2 dart slugs
  31 orcs
  2 bats
  4 bat skeletons (D:7)
  A bat zombie (D:7)
  6 endoplasms
  2 giant cockroaches
  5 goblins
  7 hobgoblins
  16 jackals
  4 quokkas
  6 ball pythons
  3 frilled lizards
  13 kobolds
  8 rats
188 creatures vanquished.

Vanquished Creatures (collateral kills)
  An orc wizard (D:4)
1 creature vanquished.

Vanquished Creatures (others)
  An ogre (D:4)
1 creature vanquished.

Grand Total: 190 creatures vanquished

Notes
Turn   | Place    | Note
-------+----------+-------------------------------------------
     0 | D:1      | bmb222 the Demonspawn Shapeshifter began the quest for the
                  | Orb.
     0 | D:1      | Reached XP level 1. HP: 15/15 MP: 1/1
   177 | D:1      | Gained mutation: You may rarely emit foul miasma when
                  | damaged in melee. [demonic ancestry]
   177 | D:1      | Reached XP level 2. HP: 21/21 MP: 2/2
   516 | D:1      | Reached XP level 3. HP: 26/26 MP: 3/3
   863 | D:2      | Found a bloodstained altar of Trog.
   998 | D:2      | You fall into a shaft and drop 1 floor!
  1160 | D:2      | Found a faded altar of an unknown god.
  1355 | D:3      | Noticed a black bear
  1426 | D:3      | Gained mutation: You have a pair of small horns on your
                  | head. [demonic ancestry]
  1426 | D:3      | Reached XP level 4. HP: 26/32 MP: 4/4
  1971 | D:3      | Killed a black bear
  1972 | D:3      | Reached skill level 1 in Armour
  1972 | D:3      | Reached XP level 5. HP: 15/37 MP: 5/5
  2239 | D:4      | Noticed an ogre
  2322 | D:4      | Reached skill level 2 in Armour
  2322 | D:4      | Gained mutation: You are partially covered in yellow
                  | scales. (AC +2) [demonic ancestry]
  2322 | D:4      | Reached XP level 6. HP: 31/43 MP: 6/6
  3291 | D:4      | Reached skill level 3 in Armour
  3673 | D:4      | Reached skill level 4 in Armour
  3802 | D:4      | Gained mutation: You have a pair of horns on your head.
                  | [demonic ancestry]
  3802 | D:4      | Reached XP level 7. HP: 48/48 MP: 7/7
  4016 | D:4      | Reached skill level 5 in Armour
  4481 | D:5      | Entered Level 5 of the Dungeon
  4611 | D:5      | Gained mutation: You have a pair of large horns on your
                  | head. [demonic ancestry]
  4611 | D:5      | Reached XP level 8. HP: 54/54 MP: 8/8
  4677 | D:5      | Found a faded altar of an unknown god.
  4678 | D:5      | Found a hazy altar of Hepliaklqana.
  4678 | D:5      | Noticed Edmund
  4700 | D:5      | Killed Edmund
  4701 | D:5      | Reached skill level 6 in Armour
  5097 | D:5      | Identified the +1 hand axe of Disgust {freeze, *Slow Fly
                  | rCorr Str+3}
  5352 | D:5      | Noticed a two-headed ogre
  5561 | D:6      | Noticed Pikel
  5572 | D:6      | Killed Pikel
  5573 | D:6      | Reached skill level 7 in Armour
  5573 | D:6      | Reached skill level 1 in Evocations
  5573 | D:6      | Reached skill level 5 in Shapeshifting
  5661 | D:6      | Noticed Grinder
  5835 | D:6      | Gained mutation: You are mostly covered in yellow scales.
                  | (AC +3) [demonic ancestry]
  5835 | D:6      | Reached XP level 9. HP: 59/61 MP: 9/9
  5940 | D:6      | Reached skill level 8 in Armour
  5981 | D:6      | Found Copnas's Lightly-Used Armoury.
  6068 | D:6      | Found an ornate altar of the Wu Jian Council.
  6635 | D:6      | Killed Grinder
  6732 | D:7      | Noticed Dowan
  6733 | D:7      | Noticed Duvessa
  6745 | D:7      | Killed Duvessa
  6760 | D:7      | Killed Dowan
  6761 | D:7      | Reached skill level 9 in Armour
  7086 | D:7      | Found an ancient bone altar of Kikubaaqudgha.
  7190 | D:7      | Reached skill level 5 in Unarmed Combat
  7394 | D:7      | Found a staircase to the Ecumenical Temple.
  7990 | Temple   | Entered the Ecumenical Temple
  8063 | Temple   | Became a worshipper of Nemelex Xobeh the Trickster
  8349 | D:8      | Slain by an orc warrior

Illustrated notes

Levels and vault maps discovered:
D:1:      evilmike_arrival_rings, layout_basic, minivault_23
D:2:      layout_rooms, shapermc_ecumenical_altar_totnotflames, basic_altar
D:3:      layout_basic
D:4:      lemuel_castle_with_subvaults [lemuel_castle_interior_carwin_2],
          layout_loops_ring
D:5:      layout_rooms, beargit_hepliaklqana_dungeon_heroes
D:6:      layout_basic, nicolae_wu_jian_wuxing_cycle, minmay_shop_damaged,
          uniq_grinder, uniq_pikel
D:7:      layout_loops_ring, kennysheep_vampire_church,
          minmay_temple_entry_overgrown, corexii_mini_fake_secret_closet,
          chequers_serial_rivers_large_b, minmay_misc_feat_plants, uniq_duvessa
D:8:      layout_basic, kennysheep_mini
Temple:   oiseaux_autumnal_temple

Skill      XL: |  1  2  3  4  5  6  7  8  9 |
---------------+----------------------------+-----
Unarmed Combat | 3 4 5 |  5.4
Shapeshifting  | 3 4 5 6 |  6.9
Armour         | 1 2 4 5 7 9 |  9.3
Evocations     | 1 |  1.7
Fighting       | 2 |  2.6
Dodging        | |  1.9
Shields        | |  0.2

Action                     |  1- 3 |  4- 6 |  7- 9 || total
---------------------------+-------+-------+-------++-------
  Melee: Unarmed           |   129 |   130 |   374 ||   633
         Punch             |     5 |     3 |    12 ||    20
         Headbutt          |       |    16 |    73 ||    89
  Evoke: Wand              |       |     3 |     9 ||    12
    Use: Scroll            |       |     2 |    11 ||    13
         Potion            |       |       |     1 ||     1
 Armour: Animal skin       |    14 |       |       ||    14
         Scale mail        |    56 |    90 |   253 ||   399
  Dodge: Dodged            |    72 |    44 |   144 ||   260
  Block: Other             |     5 |    25 |    82 ||   112
         Reflection        |       |       |     4 ||     4
   Form: Blade             |       |       |     1 ||     1
         Beast             |       |       |     1 ||     1

Table legend: (Time is in decaauts)
 A = Elapsed time spent in this place.
 B = Non-inter-level travel time spent in this place.
 C = Inter-level travel time spent in this place.
 D = Time resting spent in this place.
 E = Time spent auto-exploring this place.
 F = Levels seen in this place.
 G = Mean time per level.
                   A        B        C        D        E       F      G
               +--------+--------+--------+--------+--------+-----+--------+
         Total |   8330 |   7989 |    341 |   1373 |   4766 |   9 |  925.6 |
       Dungeon |   8229 |   7916 |    313 |   1373 |   4766 |   8 | 1028.6 |
        Temple |    100 |     73 |     27 |      0 |      0 |   1 |  100.0 |
               +--------+--------+--------+--------+--------+-----+--------+

Top non-repeatable levels by time:
     D:4: 1835 daAuts
     D:3: 1489 daAuts
     D:7: 1363 daAuts
     D:6: 1291 daAuts
     D:1: 711 daAuts
     D:5: 700 daAuts
     D:2: 606 daAuts
     D:8: 229 daAuts
  Temple: 100 daAuts
